 Dungeon Crawl Stone Soup version 0.29-a0-369-gd956c00756 (webtiles) character file.

Game seed: 14179524949648277145

220 croobank the Sneak (level 5, -1/31 HPs)
             Began as an Octopode Fire Elementalist on May 1, 2022.
             Splashed by a jelly's acid (8 damage)
             ... on level 4 of the Dungeon.
             The game lasted 00:08:12 (3212 turns).

croobank the Sneak (Octopode Fire Elementalist)     Turns: 3212, Time: 00:08:13

Health: -1/31      AC: -3    Str:  7    XL:     5   Next: 97%
Magic:  9/9        EV: 13    Int: 25    God:
Gold:   172        SH:  6    Dex: 13    Spells: 3/10 levels left

rFire   . . .      SeeInvis .   d - +0 dagger
rCold   . . .      Faith    .   q - +3 buckler "Gexzed" {rElec}
rNeg    . . .      Spirit   .   (helmet restricted)
rPois   .          Reflect  .   (no amulet)
rElec   +          Harm     .   b - +6 ring of intelligence
rCorr   .          Rampage  .   (no ring)
Will    .....                   (no ring)
Stlth   ++++......              (no ring)
HPRegen 0.10/turn               (no ring)
MPRegen 0.11/turn               (no ring)
                                (no ring)
                                (no ring)

@: mighty, corroded
A: almost no armour, amphibious, 8 rings, camouflage 1, gelatinous body 1,
(nimble swimmer 1), tentacles
a: no special abilities


You were on level 4 of the Dungeon.
You visited 1 branch of the dungeon, and saw 4 of its levels.

You collected 172 gold pieces.

Inventory:

Hand Weapons
 d - a +0 dagger (weapon)
 j - a +0 flail
 l - a +0 hand axe
 p - a +0 hunting sling
Missiles
 f - 178 stones
 g - 5 curare-tipped darts (quivered)
 k - 10 poisoned darts
Armour
 q - the +3 buckler "Gexzed" (worn) {rElec}
   (You found it on level 3 of the Dungeon)

   rElec:     It insulates you from electricity.
Magical Staves
 e - a staff of death
Jewellery
 b - a +6 ring of intelligence (left tentacle)
Wands
 m - a wand of flame (10)
Scrolls
 h - a scroll of blinking {unknown}
 n - a scroll of vulnerability {unknown}
 o - a scroll of silence {unknown}
Potions
 a - a potion of magic
 c - 2 potions of might
 i - a potion of resistance
 r - 2 potions of brilliance {unknown}
 s - a potion of curing {unknown}


   Skills:
 + Level 3.1 Dodging
 + Level 4.4 Stealth
 + Level 3.0 Spellcasting
 + Level 2.6 Conjurations
 + Level 3.9 Fire Magic


You had 3 spell levels left.
You knew the following spells:

 Your Spells              Type           Power      Damage    Failure   Level
a - Foxfire               Conj/Fire      80%        2x1d8     3%          1
b - Scorch                Fire           46%        2d7       4%          2
c - Flame Wave            Conj/Fire      20%        2d7       34%         4

Your spell library contained the following spells:

 Spells                   Type           Power      Damage    Failure   Level
 Conjure Flame            Conj/Fire      20%        6-21      11%         3
 Beastly Appendage        Tmut           6%         N/A       14%         1
 Inner Flame              Hex/Fire       13%        N/A       19%         3
 Wereblood                Tmut           3%         N/A       21%         2
 Ignite Poison            Fire/Tmut/Pois 10%        N/A       24%         3
 Spider Form              Tmut/Pois      3%         N/A       38%         3
 Sticky Flame             Conj/Fire      20%        2d4       34%         4


Dungeon Overview and Level Annotations

Branches:
Dungeon (4/15)
 Temple: D:4-7

Altars:

Annotations:
D:3 2 transporters


Innate Abilities, Weirdness & Mutations

You cannot wear most types of armour.
You are amphibious.
You can wear up to eight rings at the same time.
Your skin changes colour to match your surroundings (Stealth+).
Your rubbery body absorbs attacks. (AC +1, EV +1)
((You are camouflaged when in or above water. (Stealth+)))
You have tentacles for arms and can constrict up to eight enemies at once.


Message History

2 jellies and 7 endoplasms come into view.
Found three hobgoblin skeletons and a scale mail.
There is an open door here.
The endoplasm quivers.
The endoplasm hits the toadstool!
The toadstool is destroyed!
The endoplasm quivers.
The helpless endoplasm fails to defend itself.
You impale the endoplasm!!
You kill the endoplasm!
The endoplasm hits the fungus.
The fungus begins to die.
The endoplasm hits the fungus.
The endoplasm quivers.
The endoplasm quivers.
The endoplasm hits the fungus.
The fungus begins to die.
The endoplasm hits the fungus.
The endoplasm hits the toadstool.
The helpless endoplasm fails to defend itself.
You puncture the endoplasm!
You kill the endoplasm!
The endoplasm hits the toadstool but does no damage.
The endoplasm quivers.
A nearby fungus withers and dies.
The jelly hits you but does no damage.
The endoplasm hits the fungus.
The fungus begins to die.
The endoplasm hits you. The endoplasm closely misses you.
You hit the jelly.
Your tentacles burn!
The jelly is moderately wounded.
The endoplasm hits the fungus.
You block the jelly's attack. The endoplasm freezes you.
You are frozen.
The endoplasm hits the fungus.
The fungus begins to die.
The endoplasm hits the fungus.
The fungus begins to die.
The endoplasm hits the fungus.
The endoplasm misses you.
You puncture the jelly!
Your tentacles burn!
* * * LOW HITPOINT WARNING * * *
Your squeeze misses the jelly.
The jelly is almost dead.
A nearby fungus withers and dies.
The endoplasm hits the fungus.
The jelly hits you.
* * * LOW HITPOINT WARNING * * *
The acid corrodes you!
You are splashed with acid!
You die...

#. ..#.# #.... ....#
######## ...##
#..รทรท..########## #..
#
#PPP..P'##......###.###
#...JJ.#.#.......##.#.)
#PPPPP@#.#........'.#.#
#..JJJJ#)#........'...#
#P...JP#)#'#.[....'....
#......#.#.#.....##.###
#PPPJ.P#.#.#....#####
#[J....##.#######
###########


You could see 2 jellies and 7 endoplasms.

Vanquished Creatures
  A centaur (D:3)
  An orc priest (D:3)
  4 adders
  An ufetubus (D:3)
  2 worms (D:2)
  A dart slug (D:3)
  4 orcs
  4 ball pythons
  9 bats
  6 endoplasms
  2 giant cockroaches
  5 goblins
  2 hobgoblins
  11 kobolds
  2 quokkas (D:3)
  A frilled lizard (D:2)
  3 rats
59 creatures vanquished.

Vanquished Creatures (others)
  71 foxfires
  2 fungi (D:4)
  A toadstool (D:4)
74 creatures vanquished.

Grand Total: 133 creatures vanquished

Notes
Turn   | Place    | Note
-------+----------+-------------------------------------------
     0 | D:1      | croobank the Octopode Fire Elementalist began the quest for
                  | the Orb.
     0 | D:1      | Reached XP level 1. HP: 11/11 MP: 3/3
    31 | D:1      | Found a faded altar of an unknown god.
   187 | D:1      | Reached XP level 2. HP: 5/17 MP: 0/5
   420 | D:1      | Learned a level 2 spell: Scorch
   431 | D:1      | Reached skill level 3 in Stealth
  1435 | D:2      | Reached XP level 3. HP: 21/21 MP: 1/6
  2163 | D:3      | Reached XP level 4. HP: 27/27 MP: 4/7
  2229 | D:3      | Noticed a centaur
  2237 | D:3      | Killed a centaur
  2238 | D:3      | Reached skill level 4 in Stealth
  2238 | D:3      | Reached XP level 5. HP: 17/31 MP: 0/9
  2480 | D:3      | Found a transporter.
  2500 | D:3      | Found a transporter.
  2984 | D:3      | Identified the +3 buckler "Gexzed" {rElec}
  2991 | D:3      | Learned a level 4 spell: Flame Wave
  3212 | D:4      | Splashed by a jelly's acid

Illustrated notes

Levels and vault maps discovered:
D:1:      ncdulo_smallfort, layout_loops_ring, nicolae_ecumenical_snake_handling
D:2:      layout_loops_ring
D:3:      gammafunk_steamed_eel, layout_basic, dk_noncrumbling_4
D:4:      cheibrodos_fertilizer, layout_basic, serial_shops,
          nicolae_shop_temple_entry_statues_fountains, grunt_ministairs_11,
          uniq_crazy_yiuf_cottage

Skill      XL: |  1  2  3  4  5 |
---------------+----------------+-----
Stealth        | 3 4 |  4.4
Conjurations   | 2 |  2.6
Dodging        | 3 |  3.1
Spellcasting   | 3 |  3.0
Fire Magic     | |  3.9

Action                   |  1- 3 |  4- 6 || total
-------------------------+-------+-------++-------
Melee: Unarmed           |     4 |       ||     4
       Constrict         |     1 |     5 ||     6
       Tentacles         |     1 |     4 ||     5
       Dagger            |     4 |    19 ||    23
 Cast: Foxfire           |    34 |    14 ||    48
       Scorch            |    10 |    15 ||    25
  Use: Scroll            |     4 |     4 ||     8
       Potion            |       |     5 ||     5
 Stab: Sleeping          |       |     2 ||     2
Armor: Skin              |     1 |     5 ||     6
Dodge: Dodged            |     7 |    12 ||    19
Block: Buckler           |       |     4 ||     4

Table legend: (Time is in decaauts)
 A = Elapsed time spent in this place.
 B = Non-inter-level travel time spent in this place.
 C = Inter-level travel time spent in this place.
 D = Time resting spent in this place.
 E = Time spent auto-exploring this place.
 F = Levels seen in this place.
 G = Mean time per level.
                   A        B        C        D        E       F      G
               +--------+--------+--------+--------+--------+-----+--------+
         Total |   3211 |   3110 |    101 |    490 |   2182 |   4 |  802.8 |
       Dungeon |   3211 |   3110 |    101 |    490 |   2182 |   4 |  802.8 |
               +--------+--------+--------+--------+--------+-----+--------+

Top non-repeatable levels by time:
     D:1: 1198 daAuts
     D:2: 1123 daAuts
     D:3: 779 daAuts
     D:4: 111 daAuts
